 Dungeon Crawl Stone Soup version 0.28-a0-1395-g4f6bc678fa (webtiles) character file.

Game seed: 16247530030224337488

7 Deminshera the Vexing (level 1, 0/11 HPs)
             Began as a Deep Elf Arcane Marksman on Jan 4, 2022.
             Frozen to death by an endoplasm (3 damage)
             ... on level 1 of the Dungeon.
             The game lasted 00:00:16 (143 turns).

Deminshera the Vexing (Deep Elf Arcane Marksman)     Turns: 143, Time: 00:00:17

Health: 0/11       AC:  2    Str:  7    XL:     1   Next: 83%
Magic:  5/5        EV: 12    Int: 17    God:
Gold:   0          SH:  0    Dex: 15    Spells: 3/4 levels left

rFire   . . .      SeeInvis .   a - +0 shortbow
rCold   . . .      Faith    .   (shield currently unavailable)
rNeg    . . .      Spirit   .   d - +0 robe
rPois   .          Reflect  .   (no helmet)
rElec   .          Harm     .   (no cloak)
rCorr   .          Rampage  .   (no gloves)
Will    .....                   (no boots)
Stlth   +.........              (no amulet)
HPRegen 0.03/turn               (no ring)
MPRegen 0.09/turn               (no ring)

@: no status effects
A: no striking features
a: no special abilities


You were on level 1 of the Dungeon.
You visited 1 branch of the dungeon, and saw 1 of its levels.

Inventory:

Hand Weapons
 a - a +0 shortbow (weapon)
Missiles
 c - 10 arrows (quivered ammo)
Armour
 d - a +0 robe (worn)
Scrolls
 b - 2 scrolls of amnesia {unknown}
 e - a scroll of immolation {unknown}


   Skills:
 - Level 0.7 Fighting
 + Level 3.0 Bows
 - Level 2.4 Dodging
 + Level 2.0 Spellcasting
 + Level 4.2 Hexes


You had 3 spell levels left.
You knew the following spells:

 Your Spells              Type           Power      Damage    Failure   Level
a - Slow                  Hex            64%        N/A       3%          1

Your spell library contained the following spells:

 Spells                   Type           Power      Damage    Failure   Level
 Inner Flame              Hex/Fire       8%         N/A       24%         3
 Portal Projectile        Hex/Tloc       16%        N/A       24%         3
 Cause Fear               Hex            8%         N/A       32%         4


Dungeon Overview and Level Annotations

Branches:
Dungeon (1/15)

Altars:


Message History

The hobgoblin moves out of view.
No target in view!
A kobold comes into view. It is wielding a +0 whip.
An endoplasm comes into view.
You shoot an arrow. The endoplasm quivers.
The arrow hits the kobold.
You kill the kobold!
There are monsters nearby!
You shoot an arrow.
The arrow hits the hobgoblin but does no damage.
There are monsters nearby!
You shoot an arrow. The arrow hits the hobgoblin.
The hobgoblin is heavily wounded.
There are monsters nearby!
There are monsters nearby!
You shoot an arrow. The arrow hits the hobgoblin.
You kill the hobgoblin!
Your Bows skill increases to level 3!
Your Spellcasting skill increases to level 2!
An endoplasm is nearby!
You shoot an arrow. The arrow hits the endoplasm.
The endoplasm is heavily wounded.
You shoot an arrow. The arrow hits the endoplasm.
The endoplasm is almost dead.
The endoplasm freezes you.
You are frozen.
An endoplasm is nearby!
You shoot an arrow. The arrow barely misses the endoplasm.
The endoplasm closely misses you.
An endoplasm is nearby!
You shoot an arrow.
The arrow hits the endoplasm but does no damage.
The endoplasm is almost dead.
The endoplasm freezes you.
You are frozen.
* * * LOW HITPOINT WARNING * * *
The endoplasm freezes you.
You are frozen.
You die...

....†.###.####...##
............>..........
##....#.#....#.#........
...#..#.#.#....#........
#.....#.#.#....#..#.....
#.......#......#.######.
###............#..8.....
....†...####......#.....
.......@..........#..<..
###....J######.#..#.....
(......(. #....8.....
#......#(# #...##.####
#...... .# #.#.##.....
#...... .# #........
#...... .. )............
####... .# ###+##+##.###
#.#


You could see an endoplasm.

Vanquished Creatures
  A giant cockroach (D:1)
  A goblin (D:1)
  2 hobgoblins (D:1)
  A kobold (D:1)
  A rat (D:1)
6 creatures vanquished.

Notes
Turn   | Place    | Note
-------+----------+-------------------------------------------
     0 | D:1      | Deminshera the Deep Elf Arcane Marksman began the quest for
                  | the Orb.
     0 | D:1      | Reached XP level 1. HP: 11/11 MP: 5/5
   143 | D:1      | Frozen to death by an endoplasm

Illustrated notes

Levels and vault maps discovered:
D:1:      scummos_arrival_simple_crosswalls, layout_basic,
          hangedman_decor_points

Skill      XL: |  1 |
---------------+----+-----
Bows           | 3 |  3.0
Spellcasting   | 2 |  2.0
Fighting       | |  0.7
Dodging        | |  2.4
Hexes          | |  4.2

Action                   || total
-------------------------++-------
 Fire: Shortbow          ||    13
Dodge: Dodged            ||     1

Table legend: (Time is in decaauts)
 A = Elapsed time spent in this place.
 B = Non-inter-level travel time spent in this place.
 C = Inter-level travel time spent in this place.
 D = Time resting spent in this place.
 E = Time spent auto-exploring this place.
 F = Levels seen in this place.
 G = Mean time per level.
                   A        B        C        D        E       F      G
               +--------+--------+--------+--------+--------+-----+--------+
         Total |    144 |    144 |      0 |      0 |    117 |   1 |  144.0 |
       Dungeon |    144 |    144 |      0 |      0 |    117 |   1 |  144.0 |
               +--------+--------+--------+--------+--------+-----+--------+

Top non-repeatable levels by time:
     D:1: 144 daAuts
